 Dungeon Crawl Stone Soup version 0.27.0-1-g7a089689b8 (webtiles) character file.

Game seed: 4954641868328307932

164 seveneves the Slasher (level 5, 0/46 HPs)
             Began as a Minotaur Fighter on Aug 4, 2021.
             Slain by an orc (7 damage)
             ... on level 3 of the Dungeon.
             The game lasted 00:06:32 (2481 turns).

seveneves the Slasher (Minotaur Fighter)            Turns: 2481, Time: 00:06:32

Health: 0/46       AC:  7    Str: 22    XL:     5   Next: 21%
Magic:  4/4        EV:  8    Int:  5    God:
Gold:   64         SH:  9    Dex:  9    Spells: 4/4 levels left

rFire    . . .     SeeInvis +   a - +0 long sword
rCold    . . .     Faith    .   c - +0 kite shield
rNeg     . . .     Spirit   .   b - +0 scale mail
rPois    .         Reflect  .   (helmet restricted)
rElec    .         Harm     .   (no cloak)
rCorr    .         Rampage  .   (no gloves)
Will     .....                  (no boots)
Stlth    ..........             i - amulet of the acrobat
HPRegen  0.15/turn              e - ring of see invisible
MPRegen  0.09/turn              (no ring)

@: brilliant
A: horns 2, retaliatory headbutt
a: no special abilities


You were on level 3 of the Dungeon.
You visited 1 branch of the dungeon, and saw 3 of its levels.

You collected 64 gold pieces.

Inventory:

Hand Weapons
 a - a +0 long sword (weapon)
Armour
 b - a +0 scale mail (worn)
 c - a +0 kite shield (worn)
Jewellery
 e - a ring of see invisible (left hand)
 i - an amulet of the acrobat (around neck)
Wands
 m - a wand of flame (12)
Scrolls
 h - 2 scrolls of identify
 j - a scroll of vulnerability {unknown}
 l - 2 scrolls of teleportation


   Skills:
 + Level 4.2 Fighting
 + Level 4.7 Long Blades
 + Level 4.4 Armour
 + Level 1.2 Dodging
 + Level 0.2 Stealth
 + Level 4.2 Shields


You had 4 spell levels left.
You didn't know any spells.
Your spell library contained the following spells:

 Spells                   Type           Power      Damage    Failure   Level
 Ignite Poison            Fire/Tmut/Pois 0%         N/A       100%        3
 Mephitic Cloud           Conj/Pois/Air  0%         N/A       100%        3
 Tukima's Dance           Hex            0%         N/A       100%        3
 Passage of Golubria      Tloc           N/A        N/A       100%        4
 Bolt of Magma            Conj/Fire/Erth 0%         4d4       100%        5
 Yara's Violent Unravell  Hex/Tmut       0%         3d3       100%        5


Dungeon Overview and Level Annotations

Branches:
Dungeon (3/15)

Altars:


Innate Abilities, Weirdness & Mutations

You have a pair of horns on your head.
You reflexively headbutt those who attack you in melee.


Message History

The water moccasin zombie barely misses you.
The orc hits you with a +0 flail. You block the orc's attack.
The water moccasin zombie bites you but does no damage.
You block the orc priest's attack. The orc hits you with a +0 flail.
You hit the orc priest but do no damage.
The orc priest is severely wounded.
The water moccasin zombie closely misses you.
You block the orc's attack. x2
The orc priest hits you with a +0 short sword.
The water moccasin zombie bites you. You block the orc's attack.
You closely miss the orc priest. Your headbutt misses the orc priest.
The orc priest is severely wounded.
You block the orc's attack.
The orc priest hits you with a +0 short sword.
The water moccasin zombie bites you but does no damage.
You block the orc's attack. The orc closely misses you.
The orc priest hits you but does no damage.
The water moccasin zombie closely misses you.
You barely miss the orc priest.
The orc priest is severely wounded.
The orc hits you but does no damage. The water moccasin zombie bites you.
The orc hits you with a +0 flail.
The orc priest invokes the aid of Beogh against you.
Pain shoots through your body!
* * * LOW HITPOINT WARNING * * *
You block the orc's attack. The orc priest barely misses you.
You riposte.
You slash the orc priest!
You kill the orc priest!
You have reached level 5!
The orc hits you but does no damage.
You hit the orc.
The orc is almost dead.
You block the orc's attack.
The water moccasin zombie bites you but does no damage.
You hit the water moccasin zombie.
The water moccasin zombie is lightly damaged.
The orc barely misses you. x2; The water moccasin zombie bites you.
* * * LOW HITPOINT WARNING * * *
The orc hits you with a +0 flail!
You die...

###...#.# .
#####.# .
#.# #.#
#'#######
#.......#
#.......#
#oo.....#
#@Z.....#
#.......#
........#
.........#
#.........#
#!........#
#.........#
#.........#


You could see 2 orcs and a water moccasin zombie.

Vanquished Creatures
  An orc priest (D:3)
  Jessica (D:2)
  Terence (D:2)
  Robin (D:2)
  2 adders
  An orc (D:3)
  2 ball pythons (D:1)
  3 endoplasms
  3 giant cockroaches
  15 goblins
  4 hobgoblins
  3 jackals (D:1)
  3 bats
  6 frilled lizards
  7 rats
53 creatures vanquished.

Vanquished Creatures (others)
  5 toadstools (D:1)
5 creatures vanquished.

Grand Total: 58 creatures vanquished

Notes
Turn   | Place    | Note
-------+----------+-------------------------------------------
     0 | D:1      | seveneves the Minotaur Fighter began the quest for the Orb.
     0 | D:1      | Reached XP level 1. HP: 19/19 MP: 0/0
   237 | D:1      | Reached XP level 2. HP: 19/27 MP: 1/1
  1146 | D:2      | Noticed Terence
  1157 | D:2      | Killed Terence
  1158 | D:2      | Reached XP level 3. HP: 7/33 MP: 2/2
  1316 | D:2      | Noticed Robin
  1334 | D:2      | Reached XP level 4. HP: 17/40 MP: 3/3
  1344 | D:2      | Reached skill level 1 in Dodging
  1344 | D:2      | HP: 2/40 [Robin (2)]
  1345 | D:2      | Killed Robin
  2138 | D:2      | Noticed Jessica
  2145 | D:2      | Killed Jessica
  2479 | D:3      | Reached XP level 5. HP: 8/46 MP: 4/4
  2481 | D:3      | Slain by an orc

Illustrated notes

Levels and vault maps discovered:
D:1:      ldierk_walled_garden, layout_loops_ring, minivault_11,
          roderic_lattice_a
D:2:      layout_basic, uniq_robin, uniq_terence, uniq_jessica
D:3:      layout_basic, ebering_ghost_rock_garden,
          shapermc_ecumenical_altar_starsandcircs, uniq_natasha

Skill      XL: |  1  2  3  4 |
---------------+-------------+-----
Long Blades    | 3 4 |  4.7
Armour         | 4 |  4.4
Fighting       | 4 |  4.2
Shields        | 4 |  4.2
Dodging        | 1 |  1.2
Stealth        | |  0.2

Action                   |  1- 3 |  4- 6 || total
-------------------------+-------+-------++-------
Melee: Long sword        |    89 |    43 ||   132
       Headbutt          |    11 |     5 ||    16
  Use: Potion            |     1 |     5 ||     6
       Scroll            |       |     3 ||     3
Armor: Scale mail        |    43 |    23 ||    66
Dodge: Dodged            |    32 |    27 ||    59
Block: Kite shield       |    56 |    36 ||    92
       Rpst.: Long sword |     8 |     5 ||    13
